 Dungeon Crawl Stone Soup version 0.21-a0-221-gfe971b9 (webtiles) character file.

28 Moloch the Chopper (level 3, 29/29 HPs)
             Began as a Demonspawn Fighter on Aug 26, 2017.
             Quit the game on level 1 of the Dungeon.
             The game lasted 00:00:53 (556 turns).

Moloch the Chopper (Demonspawn Fighter)              Turns: 556, Time: 00:00:54

Health: 29/29      AC:  6    Str: 16    XL:     3   Next: 0%
Magic:  3/3        EV:  6    Int:  9    God:
Gold:   36         SH:  8    Dex: 13    Spells: 2/2 levels left

rFire    . . .     SeeInvis .   a - +0 war axe
rCold    . . .     Gourm    .   c - +0 shield
rNeg     . . .     Faith    .   b - +0 scale mail
rPois    .         Spirit   +   (helmet restricted)
rElec    .         Reflect  .   (no cloak)
rCorr    .         Harm     .   (no gloves)
MR       .....                  (no boots)
Stlth    ..........             (no amulet)
HPRegen  0.09/turn              (no ring)
MPRegen  0.08/turn              (no ring)

@: no status effects
A: horns 1, magic shield
a: no special abilities


You were on level 1 of the Dungeon.
You were not hungry.

You visited 1 branch of the dungeon, and saw 1 of its levels.

You collected 36 gold pieces.

Inventory:

Hand Weapons
 a - a +0 war axe (weapon)
Armour
 b - a +0 scale mail (worn)
 c - a +0 shield (worn)
Jewellery
 m - an uncursed ring of flight {unknown}
Scrolls
 e - 2 scrolls of identify {unknown}
 h - a scroll of magic mapping {unknown}
 i - a scroll of blinking {unknown}
 j - a scroll of amnesia {unknown}
 l - a scroll of recharging {unknown}
Potions
 d - 2 potions of might
 k - a potion of curing {unknown}
Comestibles
 f - a bread ration
 g - a meat ration
 n - 2 fruits


   Skills:
 - Level 3.0 Fighting
 + Level 3.1 Axes
 - Level 2.6 Armour
 - Level 2.6 Shields


You had 2 spell levels left.
You didn't know any spells.

Dungeon Overview and Level Annotations

Branches:
Dungeon (1/15)

Altars:


Innate Abilities, Weirdness & Mutations

You have a pair of small horns on your head.
When hurt, damage is shared between your health and your magic reserves.


Message History

No target in view!
No target in view!
Found a whip.
Found a hunting sling.
A leopard gecko comes into view.
The leopard gecko hisses angrily.
A leopard gecko is nearby!
A leopard gecko is nearby!
You closely miss the leopard gecko. The leopard gecko barely misses you.
You closely miss the leopard gecko.
The leopard gecko bites you but does no damage.
You block the leopard gecko's attack.
You slash the leopard gecko!
You kill the leopard gecko!
You have reached level 3!
Your experience leads to an increase in your attributes!
Increase (S)trength, (I)ntelligence, or (D)exterity?
You feel agile.
Your demonic ancestry asserts itself...
You feel your magical essence form a protective shroud around your flesh.
Are you sure you want to abandon this character and quit the game? (Confirm with "yes".)

...### #......#
.....###.####.###
#..........)....#
...#.###.####.#.#
## ##.#.#
#.####.#.##.##
...#.#
#......#.#...##
.....#
########.)....##
#.####
##.......##
#.##########
#..@......#
..##.......#
##.......##
..##.......#
##.....##
#.##.......#
##...##
#.##.......# ...#
#.##.....(.# ...#
.†.........# .###
#.##.......# .#
#.####..####


There were no monsters in sight!

Vanquished Creatures
  2 leopard geckos (D:1)
  4 bats (D:1)
  2 giant cockroaches (D:1)
  A goblin (D:1)
  2 hobgoblins (D:1)
  3 frilled lizards (D:1)
  6 kobolds (D:1)
  5 rats (D:1)
25 creatures vanquished.

Notes
Turn   | Place    | Note
-------+----------+-------------------------------------------
     0 | D:1      | Moloch the Demonspawn Fighter began the quest for the Orb.
     0 | D:1      | Reached XP level 1. HP: 18/18 MP: 1/1
   153 | D:1      | Gained mutation: You have a pair of small horns on your head. [demonic ancestry]
   153 | D:1      | Reached XP level 2. HP: 23/24 MP: 2/2
   555 | D:1      | Gained mutation: When hurt, damage is shared between your health and your magic reserves. [demonic ancestry]
   555 | D:1      | Reached XP level 3. HP: 29/29 MP: 3/3
   556 | D:1      | Quit the game

Vault maps used:
D:1:      dpeg_arrival_fog

Skill      XL: |  1  2 |
---------------+-------+-----
Axes           | 2 3 |  3.1
Fighting       | |  3.0
Armour         | |  2.6
Shields        | |  2.6

Action                   || total
-------------------------++-------
Melee: War axe           ||    83
       Headbutt          ||     7
Armor: Scale mail        ||    40
Dodge: Dodged            ||    22
Block: Shield            ||    46

Table legend:
 A = Spawn XP
 B = Non-spawn XP
 C = Spawn XP percentage of total XP
 D = Spawn monster count
 E = Non-spawn monster count
 F = Spawn count percentage of total count
 G = Total turns spent on level
                    A         B        C        D         E        F      G
               +---------+---------+-------+---------+---------+-------+---------
         Total |       2 |      39 |   4.9 |       1 |      24 |   4.0 |   556
               +---------+---------+-------+---------+---------+-------+---------
           D:1 |       2 |      39 |   4.9 |       1 |      24 |   4.0 |   556
               +---------+---------+-------+---------+---------+-------+---------
